 Dungeon Crawl Stone Soup version 0.17.1-2-g5865329 (webtiles) character file.

28969 xeno23 the Infuser (level 13, -1/90 HPs)
             Began as a High Elf Skald on Jan 30, 2016.
             Was a High Priest of the Shining One.
             Killed from afar by a fire drake (12 damage)
             ... with a blast of flame
             ... on level 4 of the Lair of Beasts on Jan 31, 2016.
             The game lasted 01:27:12 (16579 turns).

xeno23 the Infuser (High Elf Skald)                Turns: 16579, Time: 01:27:23

Health: -1/90      AC: 22    Str: 19    XL:     13   Next: 12%
Magic:  13/19      EV: 21    Int: 18    God:    the Shining One [*****.]
Gold:   709        SH: 10    Dex: 28    Spells: 4 memorised, 11 levels left

rFire  + . .     SeeInvis .     V - +5 great sword (flame)
rCold  . . .     Clarity  .     c - +1 scale mail {rF+}
rNeg   + + .     SustAt   .     (shield currently unavailable)
rPois  .         Gourm    +     b - +1 helmet
rElec  .         Spirit   .     y - +1 cloak
rCorr  .         Warding  .     L - +1 pair of gloves
rMut   .         Stasis   .     p - +1 pair of boots
MR     +....                    z - amulet of Contention {Gourm Str+4 Dex+6}
Stlth  +.........               X - +3 ring of evasion
                                i - +5 ring of dexterity

@: divine shield, about to teleport, glowing, somewhat resistant to hostile
enchantments, very unstealthy
A: large bone plates 1, thin metallic scales 1, thin skeletal structure 1
a: Divine Shield, Cleansing Flame, Summon Divine Warrior, Renounce Religion


You were on level 4 of the Lair of Beasts.
You worshipped the Shining One.
The Shining One was extremely pleased with you.
You were very full.

You visited 3 branches of the dungeon, and saw 17 of its levels.
You also visited: Ossuary and Volcano.

You collected 1118 gold pieces.
You spent 409 gold pieces at shops.

Inventory:

Hand Weapons
 V - a +5 great sword of flaming (weapon)
Missiles
 B - 6 javelins of penetration (quivered)
Armour
 b - a +1 helmet (worn)
 c - a +1 scale mail of fire resistance (worn)
 h - the +18 shield of the gong {rElec rN+ MR+ EV-5}
   (You found it on level 2 of the Lair of Beasts)

   It affects your evasion (-5).
   It insulates you from electricity.
   It protects you from negative energy.
   It affects your resistance to hostile enchantments.
 p - a +1 pair of boots (worn)
 y - a +1 cloak (worn)
 L - a +1 pair of gloves (worn)
Jewellery
 i - a +5 ring of dexterity (left hand)
 k - an uncursed ring of protection from fire
 t - an uncursed amulet of resist mutation
 z - the amulet of Contention (around neck) {Gourm Str+4 Dex+6}
   (You took it off an orc on level 11 of the Dungeon)

   [amulet of the gourmand]

   It allows you to eat raw meat even when not hungry.
   It affects your strength (+4).
   It affects your dexterity (+6).
 S - an uncursed ring of protection from magic
 X - a +3 ring of evasion (right hand)
Wands
 a - a wand of disintegration (11)
 l - a wand of cold (7)
 N - a wand of enslavement (10)
 P - a wand of fireball (12)
 Y - a wand of fire (7)
Scrolls
 e - 4 scrolls of blinking
 n - 3 scrolls of fear
 q - 10 scrolls of remove curse
 u - 6 scrolls of teleportation
 x - a scroll of enchant weapon
 F - 4 scrolls of magic mapping
 H - 2 scrolls of recharging
 M - 3 scrolls of amnesia
Potions
 f - 3 potions of magic
 g - a potion of ambrosia
 j - 4 potions of flight
 m - 6 potions of curing
 s - 3 potions of might
 v - 3 potions of cancellation
 w - a potion of degeneration {unknown}
 A - 6 potions of brilliance
 C - 3 potions of lignification
 D - 4 potions of resistance
 E - 3 potions of agility
 G - 4 potions of heal wounds
 U - 3 potions of berserk rage
Books
 I - a book of Summonings

   Spells                             Type                      Level
   a - Recall                         Summoning/Translocation      3
   b - Aura of Abjuration             Summoning                    5
   c - Shadow Creatures               Summoning                    5
   d - Summon Demon                   Summoning                    5
   e - Summon Forest                  Summoning/Translocation      5
   f - Summon Mana Viper              Hexes/Summoning              5
Comestibles
 d - 11 bread rations
 o - 4 meat rations
 O - 21 fruits
 Q - 4 beef jerkies
 T - 8 slices of pizza


   Skills:
 * Level 9.5 Fighting
 * Level 12.0 Long Blades
 + Level 7.2 Armour
 + Level 8.0 Dodging
 - Level 4.0 Shields
 - Level 3.0 Spellcasting
 - Level 5.0 Hexes
 * Level 12.1 Charms
 - Level 4.0 Translocations
 * Level 7.9 Invocations


You had 11 spell levels left.
You knew the following spells:

 Your Spells              Type           Power        Failure   Level  Hunger
a - Infusion              Chrm           #####.       1%          1    None
b - Apportation           Tloc           ###.......   10%         1    None
d - Shroud of Golubria    Chrm/Tloc      ####......   2%          2    ##.....
s - Spectral Weapon       Hex/Chrm       ####....     4%          3    ###....


Dungeon Overview and Level Annotations

Branches:
Dungeon (12/15)            Temple (1/1) D:6            Lair (4/8) D:11
 Shoals (0/4) Lair:3          Orc (0/4) D:9
  Snake: Lair:3-6    Spider: Lair:3-6

Altars:
Ashenzari
Cheibriados
Dithmenos
Elyvilon
Fedhas
Gozag
Kikubaaqudgha
Makhleb
Nemelex Xobeh
Okawaru
Qazlal
Ru
Sif Muna
Trog
Vehumet
Xom
Yredelemnul
Zin
The Shining One

Shops:
D:5 *   D:10 =


Innate Abilities, Weirdness & Mutations

You are partially covered in large bone plates (AC +2, SH +2).
You are partially covered in thin metallic scales (AC +2).
You have a somewhat thin skeletal structure (Dex +2, Stealth).


Message History

You take 7 damage.
Read which item? (? for menu, Esc to quit)
As you read the scroll of teleportation, it crumbles to dust.
You feel strangely unstable. You block the basilisk's attack.
The wyvern completely misses your spectral weapon.
The fire drake barely misses your spectral weapon.
You slash the basilisk! You burn the basilisk.
The basilisk is heavily wounded.
Your spectral weapon hits the basilisk!!
Your spectral weapon burns the basilisk.
You kill the basilisk!
The wyvern bites your spectral weapon.
Your spectral weapon shares its damage with you!
* * * LOW HITPOINT WARNING * * *
The fire drake breathes flames at you.
The blast of flame hits your spectral weapon.
Your spectral weapon resists.
Your spectral weapon fades away.
The blast of flame hits you! You resist.
You die...

#### ####P.### ####..######
####..# ##....# ##P...##
##..P..##### #P..#..#
#..........# ##.###.#
##..........# ##..####
#...........# #P.#####
####..........#
#######..###.###.##l.........#
.##.##..........@†.k.........#
.........#####..###..........#
#####P...# #####...........#
#P(..# #P#..###..### ##..##
####/....## ##..# #.#...# #.##
###...# ##..# ## #...#
###..##### #.##l..### ##


You could see a fire drake and a wyvern.

Vanquished Creatures
  4 hydras (Lair:4)
  A catoblepas (Lair:4)
  6 death yaks (Lair:4)
  Urug (D:10)
  A lindwurm (Volcano)
  A necromancer (Lair:4)
  An ugly thing (D:11)
  Maurice (D:8)
  Joseph (D:9)
  3 molten gargoyles (Volcano)
  4 black mambas
  A gargoyle (Volcano)
  3 spiny frogs
  4 fire drakes
  A komodo dragon (Lair:2)
  2 trolls (D:9)
  Grinder (D:5)
  Prince Ribbit (D:8)
  3 blink frogs (Lair:2)
  A two-headed ogre (D:11)
  A shadow (D:10)
  2 deep elf magi
  8 yaks
  6 fire elementals (Volcano)
  5 wyverns
  3 basilisks
  3 hippogriffs
  Menkaure (D:4)
  A human (D:7)
  3 wolves (Lair:1)
  7 water moccasins
  An ice beast (D:7)
  6 porcupines
  Duvessa (D:4)
  A black bear (D:7)
  4 orc warriors
  8 necrophages
  5 centaurs
  2 sky beasts (D:5)
  2 phantoms
  A wasp (D:11)
  5 ogres
  3 crocodiles
  2 big kobolds
  11 giant frogs
  A gnoll sergeant (D:8)
  Dowan (D:4)
  3 water moccasin zombies (Ossuary)
  4 scorpions
  5 wights (D:8)
  A centaur zombie (D:5)
  2 jellies
  3 giant frog zombies
  4 crimson imps
  A gnoll shaman (D:7)
  10 orc priests
  A quasit (D:6)
  4 hounds
  2 hell rats (D:11)
  15 orc wizards
  4 polar bear simulacra (Lair:4)
  9 iguanas
  2 wolf simulacra (Lair:4)
  6 worker ants
  4 yak simulacra (Lair:4)
  16 sheep
  2 big kobold zombies (Ossuary)
  3 hound zombies
  A hound skeleton (D:7)
  3 mummies
  2 worker ant zombies
  14 gnolls
  9 adders
  26 river rats
  2 shadow imps
  2 oozes
  An adder skeleton (D:6)
  8 adder zombies
  A worm zombie (D:4)
  3 worms
  4 giant geckos
  54 orcs
  7 bats
  7 hobgoblins
  9 jackals
  21 kobolds
  A ball python (D:1)
  5 giant cockroaches
  2 giant gecko skeletons (D:7)
  A giant gecko zombie (D:8)
  14 giant newts
  5 goblins
  5 hobgoblin zombies (Ossuary)
  5 kobold zombies (Ossuary)
  8 orc zombies (Ossuary)
  6 quokkas
  A quokka zombie (D:8)
  8 rats
  A river rat simulacrum (Lair:4)
  A butterfly (Lair:2)
  A fire vortex (Volcano)
  A fungus (Lair:4)
  2 plants (Lair:3)
477 creatures vanquished.

Vanquished Creatures (collateral kills)
  A water moccasin (Lair:3)
1 creature vanquished.

Vanquished Creatures (others)
  An orc (D:11)
  A fire vortex (Volcano)
  2 fungi (Lair:4)
  9 plants
  12 spectral weapons
25 creatures vanquished.

Grand Total: 503 creatures vanquished

Notes
Turn   | Place    | Note
--------------------------------------------------------------
     0 | D:1      | xeno23 the High Elf Skald began the quest for the Orb.
     0 | D:1      | Reached XP level 1. HP: 14/14 MP: 4/4
   146 | D:1      | Reached skill level 1 in Armour
   323 | D:1      | Reached XP level 2. HP: 14/19 MP: 3/6
   389 | D:1      | Learned a level 2 spell: Shroud of Golubria
   838 | D:2      | Reached skill level 4 in Charms
  1039 | D:2      | Found a snail-covered altar of Cheibriados.
  1162 | D:2      | Reached XP level 3. HP: 17/24 MP: 0/7
  1167 | D:2      | Learned a level 3 spell: Spectral Weapon
  2134 | D:3      | Reached XP level 4. HP: 30/30 MP: 1/8
  2311 | D:3      | Noticed Grinder
  2505 | D:4      | Reached skill level 1 in Hexes
  2604 | D:4      | Found a sand-covered staircase.
  2675 | Ossuary  | Entered an ossuary
  2788 | Ossuary  | Reached XP level 5. HP: 36/36 MP: 2/10
  3221 | Ossuary  | Learned a level 3 spell: Regeneration
  3476 | Ossuary  | Reached skill level 1 in Shields
  3476 | Ossuary  | Reached XP level 6. HP: 11/42 MP: 1/11
  4154 | D:4      | Noticed an ogre
  4161 | D:4      | Noticed Duvessa
  4161 | D:4      | Killed an ogre
  4170 | D:4      | Killed Duvessa
  4170 | D:4      | Reached skill level 1 in Translocations
  4170 | D:4      | Reached XP level 7. HP: 46/46 MP: 0/12
  4312 | D:4      | Noticed Menkaure
  5203 | D:4      | Noticed Dowan
  5219 | D:4      | Killed Dowan
  5219 | D:4      | Reached skill level 5 in Long Blades
  5391 | D:4      | Found a shattered altar of Ashenzari.
  5425 | D:4      | Reached skill level 5 in Charms
  5980 | D:4      | Killed Menkaure
  5980 | D:4      | Reached XP level 8. HP: 53/53 MP: 4/13
  6040 | D:5      | Entered Level 5 of the Dungeon
  6337 | D:5      | Found Haabb's General Store.
  6353 | D:5      | Bought a +1 pair of gloves for 149 gold pieces
  6443 | D:5      | Killed Grinder
  6492 | D:5      | Reached skill level 6 in Long Blades
  7098 | D:6      | Reached XP level 9. HP: 48/59 MP: 1/14
  7135 | D:6      | Found a staircase to the Ecumenical Temple.
  7203 | Temple   | Entered the Ecumenical Temple
  7244 | Temple   | Became a worshipper of the Shining One
  7379 | D:6      | Found a white marble altar of Elyvilon.
  7992 | D:7      | Found a radiant altar of Vehumet.
  8096 | D:7      | Reached skill level 7 in Long Blades
  8277 | D:7      | Reached * piety under the Shining One
  8407 | D:8      | Noticed Maurice
  8574 | D:8      | Reached skill level 5 in Fighting
  9076 | D:8      | Reached ** piety under the Shining One
  9094 | D:8      | Reached skill level 8 in Long Blades
  9108 | D:8      | Noticed Prince Ribbit
  9278 | D:8      | Killed Prince Ribbit
  9301 | D:7      | Reached XP level 10. HP: 45/65 MP: 4/15
  9422 | D:8      | Reached skill level 5 in Dodging
  9449 | D:8      | Killed Maurice
  9464 | D:8      | Found a sacrificial altar of Ru.
  9907 | D:5      | Bought a scroll of brand weapon for 260 gold pieces
 10030 | D:9      | Reached skill level 5 in Hexes
 10091 | D:9      | Reached skill level 9 in Long Blades
 10091 | D:9      | Reached skill level 5 in Armour
 10238 | D:9      | Found a staircase to the Orcish Mines.
 10330 | D:9      | Reached *** piety under the Shining One
 10504 | D:9      | Noticed Joseph
 10519 | D:9      | Killed Joseph
 10804 | D:9      | Reached skill level 1 in Invocations
 10892 | D:10     | Entered Level 10 of the Dungeon
 11055 | D:10     | Noticed Urug
 11093 | D:10     | Killed Urug
 11093 | D:10     | Reached XP level 11. HP: 49/70 MP: 7/16
 11140 | D:10     | Found Roriarong's Jewellery Shop.
 11221 | D:10     | Found a shadowy altar of Dithmenos.
 11223 | D:10     | Identified a -3 rod of clouds (13/13) (You found it on level 9 of the Dungeon)
 11336 | D:10     | Found a deep blue altar of Sif Muna.
 11772 | D:11     | Reached **** piety under the Shining One
 11784 | D:11     | Found a staircase to the Lair.
 11792 | D:11     | Reached skill level 10 in Long Blades
 12402 | D:11     | Got a scintillating iron amulet
 12405 | D:11     | Identified the amulet of Contention {Gourm Str+4 Dex+6} (You took it off an orc on level 11 of the Dungeon)
 12573 | Lair:1   | Entered Level 1 of the Lair of Beasts
 12747 | Lair:1   | Reached skill level 10 in Charms
 13352 | Lair:1   | Learned a level 1 spell: Apportation
 13692 | Lair:2   | Reached skill level 5 in Invocations
 14158 | Lair:3   | Found a dark tunnel.
 14203 | Volcano  | Entered a volcano
 14224 | Volcano  | Noticed a lindwurm
 14275 | Volcano  | Reached XP level 12. HP: 62/80 MP: 17/17
 14657 | Volcano  | Gained mutation: You are partially covered in thin metallic scales (AC +2). [potion of mutation]
 14657 | Volcano  | Gained mutation: You have a somewhat thin skeletal structure (Dex +2, Stealth). [potion of mutation]
 14657 | Volcano  | Gained mutation: You are partially covered in large bone plates (AC +2, SH +2). [potion of mutation]
 14935 | Volcano  | Killed a lindwurm
 14935 | Volcano  | Reached skill level 11 in Long Blades
 15020 | Lair:3   | Found a staircase to the Shoals.
 15643 | Lair:4   | Noticed a catoblepas
 15655 | Lair:4   | Killed a catoblepas
 15696 | Lair:4   | Noticed an eight-headed hydra
 15709 | Lair:4   | Killed a four-headed hydra
 16173 | Lair:4   | Reached ***** piety under the Shining One
 16214 | Lair:4   | Noticed a five-headed hydra
 16218 | Lair:4   | Noticed a seven-headed hydra
 16223 | Lair:4   | Killed a two-headed hydra
 16228 | Lair:4   | Killed a one-headed hydra
 16228 | Lair:4   | Reached skill level 12 in Charms
 16228 | Lair:4   | Reached XP level 13. HP: 43/90 MP: 9/19
 16232 | Lair:4   | Noticed a seven-headed hydra
 16236 | Lair:4   | Noticed a seven-headed hydra
 16576 | Lair:4   | Killed a four-headed hydra
 16579 | Lair:4   | Killed from afar by a fire drake

Action                   |  1- 3 |  4- 6 |  7- 9 | 10-12 | 13-15 || total
-------------------------+-------+-------+-------+-------+-------++-------
Melee: Falchion          |   122 |   249 |   382 |    26 |       ||   779
       Rapier            |       |       |   146 |       |       ||   146
       Great sword       |       |       |       |   510 |    20 ||   530
 Cast: Infusion          |    11 |    16 |    37 |    12 |       ||    76
       Shroud of Golubri |     4 |     3 |    22 |    16 |     1 ||    46
       Spectral Weapon   |       |     2 |    13 |    41 |     3 ||    59
Invok: Divine Shield     |       |       |       |     2 |     1 ||     3
  Use: Scroll            |       |     6 |    18 |    13 |     2 ||    39
       Potion            |       |     1 |     1 |     3 |       ||     5
 Stab: Sleeping          |     1 |       |       |       |       ||     1
       Distracted        |       |     1 |       |       |       ||     1
  Eat: Chunk             |     4 |     3 |    18 |    44 |     2 ||    71
       Pizza             |       |     1 |       |       |       ||     1
       Meat ration       |       |     1 |       |       |       ||     1
       Royal jelly       |       |       |       |     2 |       ||     2
